 Dungeon Sprint DCSS version 0.22-a0-109-gbeb7240 (webtiles) character file.

58305 theanonym the Conqueror (level 14, -1/297 HPs)
             Began as an Ogre Fighter on Jan 26, 2018.
             Was the Champion of Makhleb.
             Killed from afar by a titan (16 damage)
             ... with a bolt of lightning
             ... in the Dungeon (Sprint V: "Ziggurat Sprint").
             The game lasted 00:06:38 (898 turns).

theanonym the Conqueror (Ogre Fighter)               Turns: 898, Time: 00:06:38

Health: -1/297     AC: 34    Str: 39    XL:     14   Next: 90%
Magic:  14/14      EV:  2    Int: 12    God:    Makhleb [******]
Gold:   0          SH: 37    Dex: 12    Spells: 13/13 levels left

rFire    + + +     SeeInvis +   G - +14 obsidian axe {chop, +Fly SInv *Curse} (curse)
rCold    + + .     Gourm    .   H - +18 shield of the Gong {rElec rN+ MR+ EV-5}
rNeg     + . .     Faith    .   l - +5 gold dragon scales {23 rF+ rC+ rPois}
rPois    +         Spirit   .   N - +2 hat
rElec    +         Reflect  +   I - +2 cloak {+Inv}
rCorr    .         Harm     .   (gloves unavailable)
MR       +++..     NoTele   +   (boots unavailable)
Stlth    ..........             J - +4 amulet of reflection
HPRegen  0.59/turn              Q - ring of Heuhai {+Blink rC+ MR+ Str+4 Dex+4}
MPRegen  0.14/turn              P - ring "Seset" {rPois rF++ Str+3 Int+3 Stlth-}

@: mighty, berserking, flying (expiring), mesmerised, very slightly
contaminated, hasted, very quick
A: large, unfitting armour, tough skin 1
a: Minor Destruction, Lesser Servant of Makhleb, Major Destruction, Greater
Servant of Makhleb, Renounce Religion, Evoke Blink, Evoke Invisibility


Innate Abilities, Weirdness & Mutations

You are too large for most types of armour.
You have tough skin. (AC +1)


   Skills:
 O Level 27 Fighting
 - Level 18.1 Axes
 + Level 19.0 Armour
 - Level 2.6 Dodging
 - Level 15.0 Shields


You had 13 spell levels left.
You didn't know any spells.

Skill      XL: |  1  2  3  4  5  6  7  8  9 10 11 12 13 14 |
---------------+-------------------------------------------+-----
Axes           | 7 10 11 12 14 15 17 18 | 18.1
Fighting       | 9 11 12 13 15 17 20 22 26 27 | 27.0
Armour         | 3 5 6 7 8 10 11 13 19 | 19.0
Shields        | 5 6 7 8 9 11 12 14 15 | 15.0
Dodging        | |  2.6

Action                   |  1- 3 |  4- 6 |  7- 9 | 10-12 | 13-15 || total
-------------------------+-------+-------+-------+-------+-------++-------
Melee: Broad axe         |     5 |     1 |    25 |    92 |   114 ||   237
  Use: Potion            |     1 |       |       |     2 |     4 ||     7
 Stab: Distracted        |       |       |       |     1 |     2 ||     3
       Invisible         |       |       |       |       |     3 ||     3
Armor: Gold dragon scale |     2 |     1 |    10 |    39 |    46 ||    98
Dodge: Dodged            |       |       |       |     1 |     2 ||     3
Block: Shield            |     3 |       |    39 |   145 |   197 ||   384
       Reflection        |       |       |       |    35 |    10 ||    45

Inventory:

Hand Weapons
 a - a +0 war axe
 G - the cursed +14 obsidian axe (weapon) {chop, +Fly SInv *Curse}
   (You found it in the Dungeon)

   It inflicts extra damage upon your enemies.
   It lets you see invisible.
   It lets you fly.
   It curses itself when equipped.
   It has a curse placed upon it.
Missiles
 L - 2 throwing nets (quivered)
Armour
 c - a +0 shield
 k - a +0 robe {0}
 l - +5 gold dragon scales (worn) {23 rF+ rC+ rPois}
   (You found it in the Dungeon)
 H - the +18 shield of the Gong (worn) {rElec rN+ MR+ EV-5}
   (You found it in the Dungeon)

   It affects your evasion (-5).
   It insulates you from electricity.
   It protects you from negative energy.
   It affects your resistance to hostile enchantments.
 I - a +2 cloak of invisibility (worn)
   (You found it in the Dungeon)
 N - a +2 hat (worn)
   (You found it in the Dungeon)
Jewellery
 A - a +6 ring of dexterity
   (You found it in the Dungeon)
 B - a +6 ring of dexterity
   (You found it in the Dungeon)
 C - a +6 ring of intelligence
   (You found it in the Dungeon)
 D - a +6 ring of intelligence
   (You found it in the Dungeon)
 E - a +6 ring of strength
   (You found it in the Dungeon)
 F - a +6 ring of strength
   (You found it in the Dungeon)
 J - a +4 amulet of reflection (around neck)
   (You found it in the Dungeon)
 O - the ring "Waed" {rElec rPois rN+++ MP+9 Stlth-}
   (You took it off a skeletal warrior in the Dungeon)

   [ring of magical power]

   It insulates you from electricity.
   It protects you from poison.
   It renders you almost immune to negative energy.
   It affects your magic capacity (+9).
   It makes you less stealthy.
 P - the ring "Seset" (right hand) {rPois rF++ Str+3 Int+3 Stlth-}
   (You found it in the Dungeon)

   [ring of strength]

   It affects your strength (+3).
   It affects your intelligence (+3).
   It greatly protects you from fire.
   It protects you from poison.
   It makes you less stealthy.
 Q - the ring of Heuhai (left hand) {+Blink rC+ MR+ Str+4 Dex+4}
   (You found it in the Dungeon)

   [ring of dexterity]

   It affects your strength (+4).
   It affects your dexterity (+4).
   It protects you from cold.
   It affects your resistance to hostile enchantments.
   It lets you blink.
Wands
 v - a wand of acid (7)
   (You found it in the Dungeon)
 x - a wand of disintegration (7)
   (You found it in the Dungeon)
 y - a wand of iceblast (7)
   (You found it in the Dungeon)
Scrolls
 b - 4 scrolls of blinking
 f - 7 scrolls of fog
 g - 4 scrolls of amnesia
 m - a scroll of holy word
 n - 5 scrolls of remove curse
 o - 2 scrolls of fear
 r - 5 scrolls of identify
 M - 4 scrolls of enchant weapon
Potions
 d - 5 potions of might
 h - 7 potions of haste
 i - 7 potions of magic
 j - 2 potions of berserk rage
 p - 2 potions of brilliance
 q - 10 potions of heal wounds
 s - a potion of invisibility
 t - 4 potions of resistance {rF+ rC+}
 w - 10 potions of curing
 z - 5 potions of agility
Miscellaneous
 u - a lamp of fire
   (You found it in the Dungeon)
 K - 2 phantom mirrors
Comestibles
 e - 8 rations You were in the Dungeon. You worshipped Makhleb. Makhleb was exalted by your worship. You were not hungry. You visited 1 branch

Dungeon Overview and Level Annotations

Branches:
Dungeon (1/1)

Altars:
Ashenzari
Cheibriados
Dithmenos
Elyvilon
Fedhas
Gozag
Hepliaklqana
Kikubaaqudgha
Makhleb
Nemelex Xobeh
Okawaru
Qazlal
Ru
Sif Muna
Trog
Uskayaw
Vehumet
Wu Jian
Xom
Yredelemnul
Zin
The Shining One
Beogh
Jiyva
Lugonu

▓.............
::==k)i))D)..▓.............
k...CC§...§..▓.......).....
...iCv§§C§...▓.....).).....
...C..§§kCv§§▓.............
.....§C8ik§§§§▓..▓.......▓..
.....§.§§§8§§§▓.▓▓▓.....▓▓ .
....v§5D§§E§§§▓..▓.......▓..
....§.§§§D@§§▓.............
.▓....§§3▓§§§▓......©...... .
▓▓...§§▓▓▓§§▓▓▓▓▓▓▓▓▓▓▓▓▓▓
...▓.......▓...▓.....8©8.....
...............▓.[}|}::[)||..
.......©.......▓...).)))[}:..
▓▓▓▓▓▓▓▓▓▓▓▓▓▓▓▓.....(..(....
▓......)...... ▓.......())...


You could see 2 electric golems, 7 titans, 3 storm dragons, 3 wind drakes, 3
spriggan air magi, an air elemental, 3 insubstantial wisps, a friendly ynoxinul
and a friendly ufetubus.

Notes
Turn   | Place    | Note
-------+----------+-------------------------------------------
     0 | D        | Found the +6 Majin-Bo {vamp, Archmagi MP+6 Int+6}
     0 | D        | Found the +7 great mace "Firestarter" {inner flame, rF++}
     0 | D        | theanonym the Ogre Fighter began the quest for the Orb.
     0 | D        | Reached XP level 1. HP: 24/24 MP: 1/1
     5 | D        | Found a blossoming altar of Fedhas.
     6 | D        | Found a viscous altar of Jiyva.
     6 | D        | Found a hazy altar of Hepliaklqana.
     6 | D        | Found a transporter.
     6 | D        | Found an opulent altar of Gozag.
     6 | D        | Found an ancient bone altar of Kikubaaqudgha.
     6 | D        | Found a corrupted altar of Lugonu.
    16 | D        | Found a burning altar of Makhleb.
    17 | D        | Found a sacrificial altar of Ru.
    17 | D        | Found a stormy altar of Qazlal.
    17 | D        | Found a deep blue altar of Sif Muna.
    17 | D        | Found an iron altar of Okawaru.
    17 | D        | Found a bloodstained altar of Trog.
    17 | D        | Found a sparkling altar of Nemelex Xobeh.
    34 | D        | Found the +9 heavy crossbow "Sniper" {velocity, Acc+∞ SInv}
    34 | D        | Found the +10 dark maul {crush}
    34 | D        | Found the +15 Maxwell's patent armour {-Cast -Tele rElec MR+ rCorr}
    34 | D        | Found the +18 shield of the Gong {rElec rN+ MR+ EV-5}
    34 | D        | Found the cursed +14 obsidian axe {chop, +Fly SInv *Curse}
    35 | D        | Found the +6 shillelagh "Devastator" {shatter}
    35 | D        | Found the +11 plutonium sword {*Contam Stlth-}
    35 | D        | Found the +8 lance "Wyrmbane" {slay drac, rPois rF+ rC+ AC+3}
    35 | D        | Found the +9 sword of Zonguldrok {reap}
    35 | D        | Found the cursed +13 scythe of Curses {drain, *Curse}
    35 | D        | Found the +0 sword of Power
    35 | D        | Found the +2 mace of Variability {chaos}
    35 | D        | Found the +7 Singing Sword
    35 | D        | Found the +7 longbow "Piercer" {penet, EV-2}
    37 | D        | Became a worshipper of Makhleb the Destroyer
    63 | D        | Reached skill level 7 in Axes
    63 | D        | Reached XP level 2. HP: 32/32 MP: 2/2
    67 | D        | Entered arena 2.
    67 | D        | Noticed a deep elf mage
    67 | D        | Noticed a deep elf mage
    67 | D        | Found a transporter.
    72 | D        | Noticed an earth elemental
    73 | D        | Killed a deep elf mage
    73 | D        | Reached skill level 9 in Fighting
    73 | D        | Reached skill level 10 in Axes
    73 | D        | Reached skill level 3 in Armour
    73 | D        | Reached skill level 5 in Shields
    73 | D        | Reached XP level 3. HP: 36/53 MP: 3/3
    73 | D        | Reached XP level 4. HP: 42/61 MP: 4/4
    73 | D        | Reached XP level 5. HP: 47/68 MP: 5/5
    73 | D        | Reached XP level 6. HP: 54/78 MP: 6/6
    74 | D        | Killed a deep elf mage
    74 | D        | Reached skill level 11 in Fighting
    74 | D        | Reached skill level 11 in Axes
    74 | D        | Reached skill level 5 in Armour
    74 | D        | Reached skill level 6 in Shields
    74 | D        | Reached XP level 7. HP: 61/89 MP: 7/7
   188 | D        | Entered arena 3.
   188 | D        | Noticed a steam dragon
   188 | D        | Noticed a steam dragon
   188 | D        | Found a transporter.
   192 | D        | Reached * piety under Makhleb
   192 | D        | Reached skill level 12 in Fighting
   192 | D        | Killed a steam dragon
   192 | D        | Reached XP level 8. HP: 98/98 MP: 8/8
   193 | D        | Reached skill level 12 in Axes
   199 | D        | Entered arena 4.
   199 | D        | Found a transporter.
   201 | D        | Reached ** piety under Makhleb
   210 | D        | Entered arena 5.
   210 | D        | Noticed a merfolk
   210 | D        | Noticed a merfolk
   210 | D        | Noticed a merfolk
   210 | D        | Noticed a merfolk
   210 | D        | Found a transporter.
   211 | D        | Found the +3 pair of gauntlets of War {Slay+5}
   215 | D        | Killed a merfolk
   215 | D        | Reached *** piety under Makhleb
   215 | D        | Reached skill level 13 in Fighting
   215 | D        | Reached skill level 7 in Shields
   215 | D        | Killed a merfolk
   215 | D        | Reached skill level 6 in Armour
   216 | D        | Killed a merfolk
   216 | D        | Reached XP level 9. HP: 83/111 MP: 9/9
   217 | D        | Killed a merfolk
   217 | D        | Reached skill level 14 in Fighting
   217 | D        | Reached skill level 13 in Axes
   321 | D        | Entered arena 6.
   321 | D        | Found a transporter.
   324 | D        | Reached **** piety under Makhleb
   341 | D        | Entered arena 7.
   341 | D        | Noticed a merfolk
   341 | D        | Noticed a merfolk
   342 | D        | Found a transporter.
   345 | D        | Reached ***** piety under Makhleb
   345 | D        | Reached skill level 8 in Shields
   346 | D        | Reached skill level 15 in Fighting
   346 | D        | Reached skill level 7 in Armour
   350 | D        | Killed a merfolk
   350 | D        | Reached skill level 14 in Axes
   352 | D        | Killed a merfolk
   352 | D        | Reached XP level 10. HP: 127/127 MP: 10/10
   360 | D        | Entered arena 8.
   360 | D        | Noticed a deep elf mage
   360 | D        | Noticed a deep elf archer
   360 | D        | Noticed a deep elf mage
   360 | D        | Noticed a scimitar of holy wrath
   360 | D        | Noticed a deep elf mage
   361 | D        | Found a transporter.
   364 | D        | Killed a scimitar of holy wrath
   364 | D        | Reached skill level 16 in Fighting
   366 | D        | Reached skill level 9 in Shields
   369 | D        | Killed a deep elf mage
   369 | D        | Reached ****** piety under Makhleb
   372 | D        | Killed a deep elf mage
   372 | D        | Reached skill level 8 in Armour
   374 | D        | Killed a deep elf mage
   374 | D        | Reached skill level 15 in Axes
   377 | D        | Killed a deep elf archer
   377 | D        | Reached skill level 17 in Fighting
   383 | D        | Entered arena 9.
   384 | D        | Found a transporter.
   400 | D        | Entered arena 10.
   400 | D        | Noticed a six-headed hydra
   401 | D        | Found a transporter.
   411 | D        | Reached XP level 11. HP: 122/140 MP: 11/11
   413 | D        | Killed a 14-headed hydra
   413 | D        | Reached skill level 18 in Fighting
   413 | D        | Reached skill level 10 in Shields
   420 | D        | Entered arena 11.
   421 | D        | Found a transporter.
   426 | D        | Reached skill level 9 in Armour
   428 | D        | Reached skill level 16 in Axes
   451 | D        | Entered arena 12.
   451 | D        | Noticed a yaktaur captain
   452 | D        | Noticed a cyclops
   452 | D        | Noticed a yaktaur captain
   452 | D        | Noticed a deep elf master archer
   453 | D        | Found a transporter.
   459 | D        | Killed a yaktaur captain
   459 | D        | Reached skill level 19 in Fighting
   465 | D        | Killed a deep elf master archer
   465 | D        | Reached skill level 17 in Axes
   465 | D        | Reached skill level 11 in Shields
   466 | D        | Killed a cyclops
   466 | D        | Reached skill level 10 in Armour
   467 | D        | Reached skill level 20 in Fighting
   469 | D        | Killed a yaktaur captain
   469 | D        | Reached XP level 12. HP: 157/157 MP: 12/12
   473 | D        | Entered arena 13.
   473 | D        | Noticed a storm dragon
   473 | D        | Noticed a storm dragon
   473 | D        | Noticed a spriggan air mage
   473 | D        | Noticed a spriggan air mage
   474 | D        | Noticed a storm dragon
   474 | D        | Noticed a storm dragon
   474 | D        | Noticed a spriggan air mage
   475 | D        | Found a transporter.
   484 | D        | HP: 74/157 [storm dragon/bolt of lightning (12)]
   486 | D        | Killed a spriggan air mage
   486 | D        | Killed a spriggan air mage
   487 | D        | Killed a storm dragon
   489 | D        | HP: 75/158 [spriggan air mage/bolt of lightning (9)]
   490 | D        | Killed a storm dragon
   490 | D        | Reached skill level 21 in Fighting
   490 | D        | Reached skill level 18 in Axes
   494 | D        | HP: 71/161 [storm dragon/bolt of lightning (2)]
   496 | D        | Killed a storm dragon
   496 | D        | Reached skill level 12 in Shields
   498 | D        | Killed a spriggan air mage
   499 | D        | Killed a storm dragon
   499 | D        | Reached skill level 11 in Armour
   640 | D        | Entered arena 14.
   640 | D        | Noticed a vampire knight
   640 | D        | Noticed a vampire knight
   642 | D        | Found the +9 staff of Olgreb {rPois}
   644 | D        | Noticed a vampire knight
   646 | D        | Killed a vampire knight
   646 | D        | Reached skill level 22 in Fighting
   648 | D        | Killed a vampire knight
   655 | D        | Killed a vampire knight
   656 | D        | Reached XP level 13. HP: 174/174 MP: 13/13
   657 | D        | Found a transporter.
   665 | D        | Entered arena 15.
   668 | D        | Found a transporter.
   672 | D        | Reached skill level 23 in Fighting
   672 | D        | Reached skill level 13 in Shields
   698 | D        | Entered arena 16.
   698 | D        | Noticed a vampire knight
   703 | D        | Reached skill level 12 in Armour
   707 | D        | Killed a vampire knight
   719 | D        | Reached skill level 24 in Fighting
   724 | D        | Found a transporter.
   725 | D        | Got the ring "Waed" {rElec rPois rN+++ MP+9 Stlth-}
   733 | D        | Entered arena 17.
   736 | D        | Noticed a pearl dragon
   736 | D        | Noticed an ophan
   737 | D        | Noticed an apis
   737 | D        | Noticed an ophan
   737 | D        | Noticed an angel
   738 | D        | Found a transporter.
   742 | D        | Killed a pearl dragon
   748 | D        | Killed an ophan
   748 | D        | Reached skill level 14 in Shields
   748 | D        | Killed an apis
   748 | D        | Reached skill level 25 in Fighting
   748 | D        | Reached skill level 13 in Armour
   751 | D        | Killed an angel
   753 | D        | Killed an ophan
   766 | D        | Got the ring "Seset" {rPois rF++ Str+3 Int+3 Stlth-}
   772 | D        | Entered arena 18.
   777 | D        | Found a transporter.
   795 | D        | Got the ring of Heuhai {+Blink rC+ MR+ Str+4 Dex+4}
   801 | D        | Entered arena 19.
   804 | D        | Noticed a vault guard
   804 | D        | Noticed a vault guard
   804 | D        | Noticed a vault guard
   804 | D        | Noticed a stone giant
   804 | D        | Noticed a vault guard
   804 | D        | Noticed a vault guard
   804 | D        | Noticed a stone giant
   804 | D        | Noticed a vault guard
   804 | D        | Noticed a vault guard
   804 | D        | Noticed a stone giant
   805 | D        | Noticed a vault guard
   805 | D        | Noticed a stone giant
   805 | D        | Noticed a shadow dragon
   805 | D        | Noticed a vault guard
   805 | D        | Noticed a vault guard
   805 | D        | Noticed a vault guard
   805 | D        | Noticed a vault guard
   805 | D        | Noticed a vault guard
   805 | D        | Noticed a vault guard
   805 | D        | Noticed a vault guard
   806 | D        | Found a transporter.
   810 | D        | Killed a vault guard
   811 | D        | Killed a stone giant
   811 | D        | Reached skill level 26 in Fighting
   812 | D        | Killed a vault guard
   812 | D        | Reached XP level 14. HP: 195/195 MP: 14/14
   812 | D        | Reached skill level 15 in Shields
   815 | D        | Killed a stone giant
   816 | D        | Killed a stone giant
   816 | D        | Reached skill level 14 in Armour
   817 | D        | Reached skill level 27 in Fighting
   822 | D        | Reached skill level 15 in Armour
   825 | D        | Reached skill level 16 in Armour
   826 | D        | Killed a stone giant
   832 | D        | Killed a shadow dragon
   838 | D        | Reached skill level 17 in Armour
   844 | D        | Entered arena 20.
   851 | D        | Found the +9 staff of Wucad Mu {channel}
   862 | D        | Reached skill level 18 in Armour
   863 | D        | Found a transporter.
   873 | D        | Found the +2 cloak of the Thief {+Fog Slay-2 SInv Stlth+}
   881 | D        | Reached skill level 19 in Armour
   889 | D        | Entered arena 21.
   893 | D        | Noticed a titan
   893 | D        | Noticed a storm dragon
   893 | D        | Noticed an electric golem
   894 | D        | Noticed a titan
   894 | D        | Noticed an electric golem
   894 | D        | Noticed a storm dragon
   894 | D        | Noticed an electric golem
   894 | D        | Noticed a titan
   894 | D        | Noticed a titan
   894 | D        | Noticed a titan
   895 | D        | Noticed a titan
   895 | D        | HP: 96/198 [titan/bolt of lightning (15)]
   896 | D        | Noticed a titan
   896 | D        | HP: 39/198 [titan/bolt of lightning (9)]
   897 | D        | Noticed a storm dragon
   898 | D        | HP: 15/297 [titan/the air (16)]
   898 | D        | Killed from afar by a titan

Vanquished Creatures
  A pearl dragon (D)
  A deep elf master archer (D)
  A shadow dragon (D)
  4 storm dragons (D)
  An angel (D)
  4 stone giants (D)
  2 ophanim (D)
  4 vampire knights (D)
  A merfolk javelineer (D)
  A merfolk impaler (D)
  2 yaktaur captains (D)
  A hydra (D)
  11 vault guards (D)
  3 spriggan air magi (D)
  8 merfolk aquamancers (D)
  A dancing weapon (D)
  A vampire mage (D)
  2 cherubim (D)
  A flayed ghost (D)
  2 skeletal warriors (D)
  A deep elf archer (D)
  4 deep elf magi (D)
  3 necromancers (D)
  A cyclops (D)
  2 water nymphs (D)
  2 komodo dragons (D)
  A yaktaur (D)
  A red devil (D)
  9 merfolk (D)
  A blink frog (D)
  3 snapping turtles (D)
  5 hippogriffs (D)
  3 air elementals (D)
  A flying skull (D)
  4 shadows (D)
  A water elemental (D)
  2 yaks (D)
  2 wraiths (D)
  A steam dragon (D)
  An insubstantial wisp (D)
  A porcupine (D)
  A swamp drake (D)
  2 orc warriors (D)
  A necrophage (D)
  A phantom (D)
  5 centaurs (D)
  A bullfrog (D)
  3 scorpions (D)
  9 wights (D)
  2 orc wizards (D)
  A river rat (D)
  2 adder zombies (D)
  6 adder skeletons (D)
  2 orcs (D)
  2 bat zombies (D)
  A jackal (D)
  A ball python skeleton (D)
  A jackal skeleton (D)
  2 leopard gecko skeletons (D)
  A leopard gecko zombie (D)
  A quokka skeleton (D)
146 creatures vanquished.

Vanquished Creatures (collateral kills)
  A merfolk impaler (D)
  4 vault guards (D)
  A merfolk aquamancer (D)
  A deep elf mage (D)
  A hellion (D)
  4 merfolk (D)
  A snapping turtle (D)
  3 shadows (D)
  A water elemental (D)
  2 yaks (D)
  A steam dragon (D)
  A necrophage (D)
  A wolf (D)
  A phantom (D)
  A scorpion (D)
  A wight (D)
  A crimson imp (D)
  An adder zombie (D)
  An orc (D)
  A bat skeleton (D)
  A leopard gecko skeleton (D)
30 creatures vanquished.

Vanquished Creatures (others)
  An apis (D)
  A sea snake (D)
  A manticore (D)
  A merfolk siren (D)
  A centaur (D)
5 creatures vanquished.

Grand Total: 181 creatures vanquished

Table legend:
 A = Turns spent in this place as a percentage of turns spent in the entire game.
 B = Non-inter-level travel turns spent in this place as a percentage of non-inter-level travel turns spent in the entire game.
 C = Inter-level travel turns spent in this place as a percentage of turns spent in this place.
 D = Turns resting spent in this place as a percentage of non-inter-level travel turns spent in this place.
 E = Turns spent auto-exploring this place as a percentage of non-inter-level travel turns spent in this place.
 F = Non-inter-level travel turns spent in this place divided by the number of levels of this place that you've seen.
                   A       B       C       D       E      F
               +-------+-------+-------+-------+-------+----------------------
         Total | 100.0 | 100.0 |   0.0 |  37.9 |   2.7 | 898.0
       Dungeon | 100.0 | 100.0 |   0.0 |  37.9 |   2.7 | 898.0
               +-------+-------+-------+-------+-------+----------------------
